 Dungeon Crawl Stone Soup version 0.26.1-11-gd32895ea62 (webtiles) character file.

Game seed: 13659216131793939301

2127 jlumianski the Magician (level 9, -1/69 HPs)
             Began as a Gnoll Warper on July 7, 2021.
             Was a Follower of Okawaru.
             Killed from afar by Harold (17 damage)
             ... with a harpoon shot
             ... on level 6 of the Dungeon.
             The game lasted 00:44:20 (7990 turns).

jlumianski the Magician (Gnoll Warper)              Turns: 7990, Time: 00:44:21

Health: -1/69      AC:  9    Str: 13    XL:     9   Next: 29%
Magic:  16/18      EV: 15    Int: 20    God:    Okawaru [*.....]
Gold:   380        SH:  5    Dex: 14    Spells: 14/21 levels left

rFire    . . .     SeeInvis .   F - +2 hand axe (flame)
rCold    . . .     Faith    .   (no shield)
rNeg     . . .     Spirit   .   H - +1 leather armour {rPois}
rPois    +         Reflect  +   A - +0 helmet
rElec    .         Harm     .   s - scarf {+Inv}
rCorr    .         Rampage  .   (no gloves)
Will     +....                  o - +2 pair of boots {Fly}
Stlth    +++.......             m - amulet of reflection
HPRegen  0.21/turn              R - ring of stealth
MPRegen  0.16/turn              S - ring of willpower

@: marked, flying
A: distributed training, fangs 1, strong nose
a: Stop Flying, Renounce Religion, Evoke Invisibility, Heroism


You were on level 6 of the Dungeon.
You worshipped Okawaru.
Okawaru was aware of your devotion.
You visited 2 branches of the dungeon, and saw 8 of its levels.
You also visited: Sewer.

You collected 380 gold pieces.

Inventory:

Hand Weapons
 a - a +0 hand axe
 u - a +0 hunting sling
 v - a +3 short sword
 F - a +2 hand axe of flaming (weapon)
 K - a +0 war axe
 O - a +0 hand axe of freezing
 V - a +2 whip of electrocution
Missiles
 e - 5 boomerangs of dispersal
 k - 153 stones
 n - 13 boomerangs (quivered)
 y - 25 arrows
 E - 83 bolts
 J - 33 poisoned darts
 Q - 2 throwing nets
Armour
 b - a +0 leather armour
 d - a +0 ring mail
 o - a +2 pair of boots of flying (worn)
 p - a +0 kite shield
 s - a scarf of invisibility (worn)
 t - a +0 helmet
 A - a +0 helmet (worn)
 C - a +1 pair of boots
 H - a +1 leather armour of poison resistance (worn)
 L - the +6 tower shield of Quepeuso {rF+ rC+ rN+ Will+}
   (You took it off an orc priest on level 5 of the Dungeon)

   It protects you from fire.
   It protects you from cold.
   It protects you from negative energy.
   It affects your willpower, your defense against some magical effects.
Jewellery
 l - an uncursed amulet of guardian spirit
 m - an amulet of reflection (around neck)
 B - a cursed -4 ring of evasion
 R - a ring of stealth (left hand)
 S - a ring of willpower (right hand)
 U - a cursed amulet of inaccuracy
Wands
 T - a wand of random effects (26)
Scrolls
 c - 3 scrolls of enchant weapon
 f - 2 scrolls of teleportation
 h - a scroll of identify
 i - 2 scrolls of amnesia
 j - 3 scrolls of remove curse
 q - a scroll of fog {unknown}
 r - a scroll of enchant armour {unknown}
 G - 2 scrolls of blinking
 M - a scroll of brand weapon {unknown}
Potions
 g - a potion of invisibility
 w - 2 potions of curing
 x - 2 potions of berserk rage
 z - a potion of magic {unknown}
 D - a potion of flight
 I - a potion of cancellation {unknown}
 N - a potion of ambrosia {unknown}
 P - a potion of haste


   Skills:
 + Level 6.2 Fighting
 + Level 4.1 Short Blades
 + Level 4.1 Long Blades
 + Level 6.2 Axes
 + Level 4.1 Maces & Flails
 + Level 4.1 Polearms
 + Level 4.1 Staves
 + Level 4.1 Slings
 + Level 4.1 Bows
 + Level 4.1 Crossbows
 + Level 4.9 Throwing
 + Level 4.9 Armour
 + Level 6.2 Dodging
 + Level 4.1 Stealth
 + Level 4.1 Shields
 + Level 4.1 Unarmed Combat
 + Level 6.5 Spellcasting
 + Level 3.3 Conjurations
 + Level 3.3 Hexes
 + Level 3.3 Summonings
 + Level 3.3 Necromancy
 + Level 6.5 Translocations
 + Level 3.3 Transmutations
 + Level 3.3 Fire Magic
 + Level 3.3 Ice Magic
 + Level 3.3 Air Magic
 + Level 3.3 Earth Magic
 + Level 3.3 Poison Magic
 + Level 4.5 Invocations
 + Level 4.1 Evocations


You had 14 spell levels left.
You knew the following spells:

 Your Spells              Type           Power        Failure   Level
a - Blink                 Tloc           N/A          1%          2
b - Gell's Gravitas       Tloc           16%          2%          3
c - Call Imp              Summ           20%          4%          2

Your spell library contained the following spells:

 Spells                   Type           Power        Failure   Level
 Lesser Beckoning         Tloc           16%          2%          3
 Teleport Other           Tloc           32%          2%          3
 Magic Dart               Conj           80%          3%          1
 Slow                     Hex            20%          4%          2
 Conjure Flame            Conj/Fire      20%          9%          3
 Mephitic Cloud           Conj/Pois/Air  20%          9%          3
 Passage of Golubria      Tloc           N/A          9%          4


Dungeon Overview and Level Annotations

Branches:
Dungeon (7/15)             Temple (1/1) D:6           Sewer (visited)

Altars:
Ashenzari
Cheibriados
Fedhas
Gozag
Hepliaklqana
Kikubaaqudgha
Makhleb
Nemelex Xobeh
Okawaru
Qazlal
Ru
Sif Muna
Trog
Wu Jian
Xom
Yredelemnul
Zin

Annotations:
D:6 Harold


Innate Abilities, Weirdness & Mutations

Your experience applies equally to all skills.
You have very sharp teeth.
Your uncanny sense of smell can sniff out nearby items.


Message History

The mark upon you grows brighter.
Your crimson imp hits Harold but does no damage.
There is an open door here.
There is an open door here.
Harold fires a harpoon shot at you. The harpoon shot hits you!
* * * LOW HITPOINT WARNING * * *
You are yanked forward by the harpoon shot.
Casting: Blink (safe; 1% risk of failure)
Confirm with . or Enter, or press ? or * to list all spells.
You blink.
Your crimson imp closely misses Harold.
Harold hits your crimson imp with a +0 war axe!
Your crimson imp hits Harold.
Your crimson imp hits Harold.
Harold fires a harpoon shot at you. The harpoon shot hits your crimson imp!
Your crimson imp dies!
Harold fires a harpoon shot at you. The harpoon shot hits you!
You die...

.......###.###########...##......
....#### ##.........#...###......
.....## #............#.........
......# ##..............@.......
......# ##............@..##......
.....## #............######......
.....# ##..............# ##.....
....## #............##.## #.....
<..## ##........@..###..# #@....
...# #.......>.....###'####.....
..## #..........#..#.....#....##
.## ##.........##..#.#'#.#.#..#
## #.........###..'.#>#.'.#..#
#......######..#.###.###..#
#....### ##..##.....# #..##
##...# ##..#####'#####...#
##...## ##..## #?ยง@5...[.#


You could see Harold.

Vanquished Creatures
  Pikel (D:7)
  Menkaure (D:4)
  2 ice beasts
  An ogre (D:6)
  A phantom (D:5)
  3 lemures
  A big kobold (D:7)
  2 bullfrogs
  A water moccasin zombie (D:6)
  2 howler monkeys
  A bullfrog zombie (D:5)
  3 crimson imps (D:5)
  4 hounds
  2 jellies (D:6)
  A centaur skeleton (D:4)
  An orc priest (D:5)
  An iguana (D:4)
  6 orc wizards
  2 worker ants
  A hound zombie (D:6)
  A hound skeleton (D:5)
  3 gnolls (D:6)
  7 adders
  A shadow imp (D:5)
  11 oozes
  2 worms
  2 dart slugs
  16 leopard geckos
  27 orcs
  15 giant cockroaches
  10 goblins
  7 hobgoblins
  14 kobolds
  3 quokkas
  12 ball pythons
  A ball python skeleton (D:4)
  7 bats
  16 frilled lizards
  A jackal skeleton (D:5)
  A leopard gecko skeleton (D:5)
  A quokka zombie (D:5)
  12 rats
207 creatures vanquished.

Vanquished Creatures (collateral kills)
  An orc wizard (D:6)
1 creature vanquished.

Vanquished Creatures (others)
  3 plants
3 creatures vanquished.

Grand Total: 211 creatures vanquished

Notes
Turn   | Place    | Note
-------+----------+-------------------------------------------
     0 | D:1      | jlumianski the Gnoll Warper began the quest for the Orb.
     0 | D:1      | Reached XP level 1. HP: 20/20 MP: 6/6
    90 | D:1      | Reached XP level 2. HP: 24/26 MP: 7/7
   395 | D:1      | Reached XP level 3. HP: 28/31 MP: 9/9
   397 | D:1      | Reached skill level 5 in Spellcasting
   405 | D:1      | Learned a level 2 spell: Blink
   409 | D:1      | Learned a level 3 spell: Gell's Gravitas
   722 | D:1      | Reached skill level 1 in Invocations
  1299 | D:2      | Reached skill level 1 in Short Blades
  1299 | D:2      | Reached skill level 1 in Long Blades
  1299 | D:2      | Reached skill level 1 in Maces & Flails
  1299 | D:2      | Reached skill level 1 in Polearms
  1299 | D:2      | Reached skill level 1 in Staves
  1299 | D:2      | Reached skill level 1 in Slings
  1299 | D:2      | Reached skill level 1 in Bows
  1299 | D:2      | Reached skill level 1 in Crossbows
  1299 | D:2      | Reached skill level 1 in Stealth
  1299 | D:2      | Reached skill level 1 in Shields
  1299 | D:2      | Reached skill level 1 in Unarmed Combat
  1299 | D:2      | Reached skill level 1 in Evocations
  1506 | D:2      | Reached XP level 4. HP: 38/38 MP: 11/11
  1785 | D:2      | Noticed a sky beast
  3093 | D:3      | Reached skill level 1 in Conjurations
  3093 | D:3      | Reached skill level 1 in Hexes
  3093 | D:3      | Reached skill level 1 in Summonings
  3093 | D:3      | Reached skill level 1 in Necromancy
  3093 | D:3      | Reached skill level 1 in Transmutations
  3093 | D:3      | Reached skill level 1 in Fire Magic
  3093 | D:3      | Reached skill level 1 in Ice Magic
  3093 | D:3      | Reached skill level 1 in Air Magic
  3093 | D:3      | Reached skill level 1 in Earth Magic
  3093 | D:3      | Reached skill level 1 in Poison Magic
  3122 | D:3      | Found a sacrificial altar of Ru.
  3382 | D:4      | Reached XP level 5. HP: 34/43 MP: 12/12
  3452 | D:4      | Noticed Menkaure
  3468 | D:4      | Killed Menkaure
  3469 | D:4      | Reached XP level 6. HP: 45/50 MP: 13/13
  3747 | D:4      | Reached skill level 5 in Fighting
  3747 | D:4      | Reached skill level 5 in Axes
  3747 | D:4      | Reached skill level 5 in Dodging
  4226 | D:4      | Reached XP level 7. HP: 46/56 MP: 15/15
  4682 | D:5      | Entered Level 5 of the Dungeon
  4712 | D:5      | Found a glowing drain.
  4773 | Sewer    | Entered a sewer
  5340 | D:5      | Identified the +6 tower shield of Quepeuso {rF+ rC+ rN+
                  | Will+}
  5342 | D:5      | Identified the -10 kite shield "Gilo" {Int+4}
  5448 | D:5      | Reached XP level 8. HP: 43/63 MP: 12/16
  6290 | D:5      | Found a shimmering altar of Xom.
  6295 | D:5      | Learned a level 2 spell: Call Imp
  6331 | D:5      | Paralysed by a crimson imp for 7 turns
  6597 | D:6      | Found a staircase to the Ecumenical Temple.
  6608 | Temple   | Entered the Ecumenical Temple
  6646 | Temple   | Became a worshipper of Warmaster Okawaru
  7618 | D:7      | Reached XP level 9. HP: 69/69 MP: 5/18
  7621 | D:7      | Reached * piety under Okawaru
  7759 | D:7      | Noticed Pikel
  7777 | D:7      | Killed Pikel
  7829 | D:7      | Noticed Harold
  7990 | D:6      | Killed from afar by Harold

Illustrated notes

Levels and vault maps discovered:
D:1:      minmay_arrival_wavy_path, layout_basic, minmay_lizard_pond
D:2:      kennysheep_big_flooded_room, layout_basic, minmay_misc_feat_five
D:3:      layout_rooms, hangedman_ru_absence, st_stairs_2
D:4:      layout_cave_pods, lightli_corner_chamber, uniq_menkaure
D:5:      layout_basic, serial_bayou, serial_bayou_ford_a,
          serial_bayou_lagoon_a, serial_bayou_pond_d, serial_bayou_shore_b,
          cheibrodos_sewer_entry_drain, led_xom_imps
D:6:      layout_cave_pods, minmay_temple_entry_glassed_door, minmay_circle_x
D:7:      layout_cave_pools, serial_glass, glass_columns_a, glass_columns_a,
          uniq_pikel, uniq_harold
Temple:   kilobyte_greek_temple

Skill      XL: |  1  2  3  4  5  6  7  8  9 |
---------------+----------------------------+-----
Spellcasting   | 5 6 |  6.5
Invocations    | 1 2 3 4 |  4.5
Short Blades   | 1 2 3 4 |  4.1
Long Blades    | 1 2 3 4 |  4.1
Maces & Flails | 1 2 3 4 |  4.1
Polearms       | 1 2 3 4 |  4.1
Staves         | 1 2 3 4 |  4.1
Slings         | 1 2 3 4 |  4.1
Bows           | 1 2 3 4 |  4.1
Crossbows      | 1 2 3 4 |  4.1
Stealth        | 1 2 3 4 |  4.1
Shields        | 1 2 3 4 |  4.1
Unarmed Combat | 1 2 3 4 |  4.1
Evocations     | 1 2 3 4 |  4.1
Conjurations   | 1 2 3 |  3.3
Hexes          | 1 2 3 |  3.3
Summonings     | 1 2 3 |  3.3
Necromancy     | 1 2 3 |  3.3
Transmutations | 1 2 3 |  3.3
Fire Magic     | 1 2 3 |  3.3
Ice Magic      | 1 2 3 |  3.3
Air Magic      | 1 2 3 |  3.3
Earth Magic    | 1 2 3 |  3.3
Poison Magic   | 1 2 3 |  3.3
Throwing       | 3 4 |  4.9
Armour         | 3 4 |  4.9
Fighting       | 5 6 |  6.2
Axes           | 5 6 |  6.2
Dodging        | 5 6 |  6.2
Translocations | 6 |  6.5

Action                   |  1- 3 |  4- 6 |  7- 9 || total
-------------------------+-------+-------+-------++-------
Melee: Hand axe          |   107 |   179 |   327 ||   613
       Bite              |     8 |    25 |    27 ||    60
       Punch             |       |     2 |     6 ||     8
 Fire: Hunting sling     |     9 |    85 |     5 ||    99
Throw: Boomerang         |       |       |    22 ||    22
       Stone             |       |       |     3 ||     3
 Cast: Gell's Gravitas   |     2 |     2 |    27 ||    31
       Blink             |       |     4 |     5 ||     9
       Call Imp          |       |       |    11 ||    11
  Use: Scroll            |     1 |     2 |     8 ||    11
       Potion            |       |     2 |     1 ||     3
 Stab: Sleeping          |     1 |       |     4 ||     5
       Distracted        |       |       |     2 ||     2
       Invisible         |       |       |     1 ||     1
Armor: Leather armour    |    20 |    31 |    82 ||   133
       Ring mail         |       |    41 |       ||    41
Dodge: Dodged            |    69 |    84 |   282 ||   435
Block: Other             |    18 |    40 |    85 ||   143
       Reflection        |     1 |     3 |     8 ||    12
